 Dungeon Crawl Stone Soup version 0.19-a0-1875-g4fea3da (webtiles) character file.

262 Amnesiac the Cutter (level 5, 0/41 HPs)
             Began as a Mummy Monk on Oct 13, 2016.
             Slain by a phantom (9 damage)
             ... on level 4 of the Dungeon.
             The game lasted 00:03:05 (1969 turns).

Amnesiac the Cutter (Mummy Monk)                    Turns: 1969, Time: 00:03:06

Health: 0/41       AC:  2    Str: 15    XL:     5   Next: 97%
Magic:  5/5        EV: 13    Int:  9    God:
Gold:   46         SH:  0    Dex: 15    Spells: 2 memorised, 2 levels left

rFire  x . .     SeeInvis .     e - +2 dagger (venom)
rCold  + . .     Gourm    .     b - +0 robe
rNeg   + + +     Faith    .     (no shield)
rPois  ∞         Spirit   .     (no helmet)
rElec  .         Dismiss  .     (no cloak)
rCorr  .         Reflect  .     (no gloves)
MR     .....     Harm     .     (no boots)
Stlth  ++........               (no amulet)
                                (no ring)
                                (no ring)

@: no status effects
A: no food or potions, fire vulnerability, cold resistance 1, negative energy
resistance 3, torment resistance, unbreathing
a: no special abilities


You were on level 4 of the Dungeon.
You were not hungry.

You visited 1 branch of the dungeon, and saw 4 of its levels.

You collected 46 gold pieces.

Inventory:

Hand Weapons
 e - a +2 dagger of venom (weapon)
Missiles
 h - a javelin of returning (quivered)
Armour
 b - a +0 robe (worn)
Scrolls
 a - a scroll of immolation {unknown}
 c - a scroll of remove curse {unknown}
 d - a scroll of teleportation {unknown}
 g - 2 scrolls of identify {unknown}
Books
 f - a book of Cantrips

   Spells                             Type                      Level
   a - Confusing Touch                Hexes                        1
   b - Animate Skeleton               Necromancy                   1
   c - Summon Small Mammal            Summoning                    1
   d - Apportation                    Translocation                1


   Skills:
 - Level 3.0 Fighting
 + Level 5.6 Short Blades
 - Level 2.4 Dodging
 - Level 1.5 Stealth


You had 2 spell levels left.
You knew the following spells:

 Your Spells              Type           Power        Failure   Level  Hunger
a - Apportation           Tloc           #.........   38%         1    N/A
b - Confusing Touch       Hex            #.....       38%         1    N/A

Dungeon Overview and Level Annotations

Branches:
Dungeon (4/15)
 Temple: D:4-7

Altars:
Kikubaaqudgha
Makhleb
Okawaru
Qazlal
Vehumet


Innate Abilities, Weirdness & Mutations

You do not eat or drink.
Your flesh is vulnerable to fire.
You are immune to poison.
Your flesh is cold resistant. (rC+)
You are immune to negative energy. (rN+++)
You are immune to unholy pain and torment.
You can survive without breathing.


Message History

The javelin of returning fails to return to your pack!
You hit the phantom.
The phantom is severely damaged.
The phantom hits you but does no damage.
You closely miss the phantom.
The phantom is severely damaged.
The phantom hits you.
* * * LOW HITPOINT WARNING * * *
You hit the phantom but do no damage.
The phantom is severely damaged.
The phantom barely misses you.
You closely miss the phantom.
The phantom is severely damaged.
You hit the phantom.
The phantom is almost destroyed.
The phantom blinks!
You see here a javelin of returning.
h - a javelin of returning The phantom hits you!
You die...

#.#### #...
#..... #....
#....# #....
#.##># #....#
#.##.# #....###
#.##.# #..(...#
#######'##.#
#......#
#........#..
#.....@#
#........#..
#....W.#
#........##.
#......#
#######'###.
#......# #.# ##
#......# #.####
#......# #.#...
###'#### #.#...
#.# #.#... #.#
###########.#...


You could see a phantom.

Vanquished Creatures
  A howler monkey (D:4)
  2 hounds (D:4)
  3 orc wizards (D:4)
  A hound skeleton (D:4)
  2 adders
  2 dart slugs (D:3)
  A leopard gecko (D:4)
  6 orcs (D:4)
  5 bats
  A giant cockroach (D:4)
  2 hobgoblins (D:2)
  2 jackals (D:4)
  A kobold (D:2)
  A quokka (D:3)
  A ball python (D:2)
  A ball python skeleton (D:4)
  2 frilled lizards
  2 goblins
  A rat (D:2)
37 creatures vanquished.

Notes
Turn   | Place    | Note
-------+----------+-------------------------------------------
     0 | D:1      | Amnesiac the Mummy Monk began the quest for the Orb.
     0 | D:1      | Reached XP level 1. HP: 18/18 MP: 1/1
   264 | D:2      | Reached XP level 2. HP: 24/24 MP: 2/2
   283 | D:2      | Reached skill level 3 in Short Blades
   428 | D:3      | Found a stormy altar of Qazlal.
   861 | D:4      | Reached XP level 3. HP: 13/29 MP: 3/3
  1046 | D:3      | Reached skill level 4 in Short Blades
  1106 | D:4      | Learned a level 1 spell: Apportation
  1108 | D:4      | Learned a level 1 spell: Confusing Touch
  1113 | D:4      | Found a faded altar of an unknown god.
  1113 | D:4      | Found an iron altar of Okawaru.
  1118 | D:4      | Found an ancient bone altar of Kikubaaqudgha.
  1120 | D:4      | Found a burning altar of Makhleb.
  1129 | D:4      | Reached XP level 4. HP: 17/35 MP: 4/4
  1130 | D:4      | Found a faded altar of an unknown god.
  1409 | D:4      | Found a radiant altar of Vehumet.
  1450 | D:4      | Reached XP level 5. HP: 28/41 MP: 5/5
  1583 | D:4      | Reached skill level 5 in Short Blades
  1925 | D:4      | Noticed a phantom
  1969 | D:4      | Slain by a phantom

Vault maps used:
D:1:      lemuel_arrival_funnel
D:2:      nicolae_overflow_hidden_temple, first_bread
D:3:      overflow_temple_1_default
D:4:      old_standard_altar, chequers_temple_overflow_minitemple

Skill      XL: |  1  2  3  4  5 |
---------------+----------------+-----
Short Blades   | 3 4 5 |  5.6
Fighting       | |  3.0
Dodging        | |  2.4
Stealth        | |  1.5

Action                   |  1- 3 |  4- 6 || total
-------------------------+-------+-------++-------
Melee: Short sword       |    79 |       ||    79
       Dagger            |    26 |    92 ||   118
Throw: Javelin           |       |     6 ||     6
 Stab: Sleeping          |     2 |       ||     2
Armor: Robe              |    40 |    14 ||    54
Dodge: Dodged            |   114 |    31 ||   145
